 Dungeon Crawl Stone Soup version 0.20.1-1-g8b1a95d (webtiles) character file.

205 McKennaii the Gusty (level 5, -9/28 HPs)
             Began as a Tengu Air Elementalist on Aug 3, 2017.
             Killed by nerve-wracking pain
             ... invoked by an orc priest
              (11 damage)
             ... on level 4 of the Dungeon.
             The game lasted 00:05:48 (3747 turns).

McKennaii the Gusty (Tengu Air Elementalist)        Turns: 3747, Time: 00:05:49

Health: -9/28      AC:  2    Str:  8    XL:     5   Next: 83%
Magic:  7/11       EV: 13    Int: 17    God:
Gold:   124        SH:  0    Dex: 14    Spells: 2/10 levels left

rFire    . . .     SeeInvis .   (no weapon)
rCold    . . .     Gourm    .   (no shield)
rNeg     . . .     Faith    .   a - +0 robe
rPois    .         Spirit   .   (helmet restricted)
rElec    .         Reflect  .   (no cloak)
rCorr    .         Harm     .   (no gloves)
MR       .....                  (boots unavailable)
Stlth    ++........             (no amulet)
Regen    0.1/turn               (no ring)
MPRegen  0.2/turn               (no ring)

@: no status effects
A: beak, talons 3, able to fly 1
a: Fly


You were on level 4 of the Dungeon.
You were near starving.

You visited 1 branch of the dungeon, and saw 4 of its levels.

You collected 124 gold pieces.

Inventory:

Armour
 a - a +0 robe (worn)
Scrolls
 d - 2 scrolls of teleportation {unknown}
 f - 2 scrolls of identify {unknown}
 h - 2 scrolls of remove curse {unknown}
 j - 2 scrolls of amnesia {unknown}
 k - a scroll of immolation {unknown}
Potions
 e - 2 potions of haste {unknown}
 g - 3 potions of degeneration {unknown}
 l - a potion of berserk rage {unknown}
Books
 b - a book of Air

   Spells                             Type                      Level
   a - Shock                          Conjuration/Air              1
   b - Swiftness                      Charms/Air                   2
   c - Static Discharge               Conjuration/Air              3
   d - Airstrike                      Air                          4
   e - Lightning Bolt                 Conjuration/Air              5
Comestibles
 c - 2 bread rations
 i - a meat ration


   Skills:
 + Level 2.5 Dodging
 + Level 2.4 Stealth
 + Level 3.4 Spellcasting
 + Level 4.0 Conjurations
 + Level 5.5 Air Magic


You had 2 spell levels left.
You knew the following spells:

 Your Spells              Type           Power        Failure   Level  Hunger
a - Shock                 Conj/Air       ###.         2%          1    None
b - Swiftness             Chrm/Air       ##......     9%          2    ##.....
c - Lightning Bolt        Conj/Air       ###.......   54%         5    ######.


Dungeon Overview and Level Annotations

Branches:
Dungeon (4/15)
 Temple: D:4-7

Altars:
Makhleb
Zin

Annotations:
D:4 McKennaii's ghost, novice TeAE


Innate Abilities, Weirdness & Mutations

You have a beak for a mouth.
You have claws for feet.
You can fly.


Message History

Confirm with . or Enter, or press ? or * to list all spells.
Aiming: Shock
Press: ? - help, Shift-Dir - straight line, f/p - orc priest
Aim: an orc priest, wielding a flail (heavily wounded)
The zap hits the orc priest.
The orc priest is severely wounded.
The orc priest calls down the wrath of Beogh upon you.
Beogh smites you!
Ouch! That really hurt!
* * * LOW HITPOINT WARNING * * *
Casting: Shock
Confirm with . or Enter, or press ? or * to list all spells.
Aiming: Shock
Press: ? - help, Shift-Dir - straight line, f/p - orc priest
Aim: an orc priest, wielding a flail (severely wounded)
The zap hits the orc priest.
The orc priest is almost dead.
The orc priest invokes the aid of Beogh against you.
Pain shoots through your body!
You die...

#.######........#.
#.# ##....##...
#.# #.##...... #o#
#....####. #.#
####.# # #.# #..
#.# #.. #.# #@#
#.# #.# #.# #.#
#.# #.# #.# #.#


You could see an orc priest.

Vanquished Creatures
  The ghost of McKennaii the Gusty, an amateur TeAE (D:3)
  6 adders
  An adder skeleton (D:4)
  2 worms
  2 dart slugs
  3 leopard geckos
  2 orcs (D:3)
  2 ball pythons
  5 giant cockroaches
  6 goblins
  7 hobgoblins
  A jackal (D:3)
  8 kobolds
  A quokka (D:3)
  8 bats
  3 frilled lizards
  10 rats
68 creatures vanquished.

Notes
Turn   | Place    | Note
-------+----------+-------------------------------------------
     0 | D:1      | McKennaii the Tengu Air Elementalist began the quest for the Orb.
     0 | D:1      | Reached XP level 1. HP: 10/10 MP: 4/4
   303 | D:1      | Reached XP level 2. HP: 13/15 MP: 1/6
   875 | D:1      | Reached XP level 3. HP: 19/19 MP: 5/7
  1816 | D:2      | Found a glowing silver altar of Zin.
  1874 | D:2      | Learned a level 2 spell: Swiftness
  2007 | D:2      | Reached XP level 4. HP: 24/24 MP: 7/9
  2553 | D:3      | Found a burning altar of Makhleb.
  2849 | D:3      | Reached skill level 5 in Air Magic
  2934 | D:3      | Noticed McKennaii's ghost (amateur TeAE)
  2940 | D:3      | Killed McKennaii's ghost
  2940 | D:3      | Gained mutation: You can fly. [Tengu growth]
  2940 | D:3      | Reached XP level 5. HP: 28/28 MP: 3/10
  2967 | D:3      | Learned a level 5 spell: Lightning Bolt
  3540 | D:4      | Noticed McKennaii's ghost (novice TeAE)
  3747 | D:4      | Killed from afar by an orc priest

Skill      XL: |  1  2  3  4  5 |
---------------+----------------+-----
Conjurations   | 2 3 4 |  4.0
Spellcasting   | 3 |  3.4
Air Magic      | 5 |  5.5
Dodging        | |  2.5
Stealth        | |  2.4

Action                   |  1- 3 |  4- 6 || total
-------------------------+-------+-------++-------
Melee: Unarmed           |     9 |       ||     9
       Peck              |     1 |       ||     1
 Cast: Shock             |    83 |    74 ||   157
       Swiftness         |       |     1 ||     1
  Eat: Chunk             |     4 |     4 ||     8
Armor: Robe              |       |     1 ||     1
Dodge: Dodged            |    15 |     4 ||    19
